AoeStats
← billigertheurer

Arena

510169140Analyzed
1v1 RM · 20h ago on Sep 29, 2026· 44m 31s· 2 players
Game mode
Random Map
Map size
Tiny (2 player)
Population
200
Speed
Normal
Resources
Standard
Victory
Conquest
Starting age
Dark Age
Ending age
Imperial Age
RankedLock teamsTeams togetherTeam positionsShared explorationLock speedFull tech treeHidden civsTurbo modeCheats
Victory
Defeat
🇭🇺 Mongols · Hungary
358
+16
🇩🇪 Portuguese · Germany
360
-16
Csalládúrfi
11:31 Feudal Age
15:32 Forging
15:27 Scale Barding Armor
18:26 Castle Age
18:50 Horse Collar
19:27 Fletching
19:38 Padded Archer Armor
21:24 Crossbowman
24:44 Double-Bit Axe
25:01 Loom
25:03 Town Watch
28:41 Leather Archer Armor
28:21 Bodkin Arrow
32:59 Husbandry
33:09 Bloodlines
38:44 Imperial Age
38:50 Elite Steppe Lancer
38:52 Capped Ram
41:37 Cavalier
billigertheurer
14:11 Feudal Age
14:50 Double-Bit Axe
14:49 Horse Collar
16:28 Wheelbarrow
16:59 Loom
18:46 Gold Mining
23:57 Scale Mail Armor
26:17 Stone Mining
29:19 Castle Age
30:29 Hand Cart
31:00 Town Watch
31:55 Stone Shaft Mining
31:22 Heavy Plow
31:36 Bow Saw
30:55 Pikeman
31:21 Arson
31:55 Chain Mail Armor
31:50 Forging
35:44 Imperial Age
35:38 Town Patrol
35:41 Elite Skirmisher
36:25 Elite Organ Gun
38:44 Conscription
Connection lost

Rejoining the realm…

Still unreachable

The connection could not be restored.

Session expired

The server has moved on; the page needs a fresh start.